 Dungeon Crawl Stone Soup version 0.19.0-18-g426998a (webtiles) character file.

401 Melicamp the Conjurer (level 6, -2/24 HPs)
             Began as a Felid Conjurer on Nov 10, 2016.
             Was an Initiate of Vehumet.
             Killed by divine providence
             ... invoked by an orc priest
              (17 damage)
             ... on level 5 of the Dungeon on Nov 11, 2016.
             The game lasted 00:48:29 (6907 turns).

Melicamp the Conjurer (Felid Conjurer)              Turns: 6907, Time: 00:48:30

Health: -2/24      AC:  2    Str:  4    XL:     6   Next: 54%
Magic:  1/11       EV: 21    Int: 19    God:    Vehumet [......]
Gold:   238        SH:  0    Dex: 16    Spells: 3 memorised, 3 levels left
                                        Lives:  0   Deaths: 1

rFire  . . .     SeeInvis +     (weapon unavailable)
rCold  . . .     Gourm    .     (armour unavailable)
rNeg   . . .     Faith    .     (shield unavailable)
rPois  .         Spirit   .     (helmet unavailable)
rElec  .         Reflect  .     (cloak unavailable)
rCorr  .         Harm     .     (gloves unavailable)
MR     .....                    (boots unavailable)
Stlth  +++.......               (no amulet)
                                (no ring)
                                (no ring)

@: very slightly contaminated, quick
A: no armour, no weapons or thrown items, stealth, claws 1, fangs 3, see
invisible, carnivore 3, speed 1, shaggy fur 2, slow metabolism 1, sharp paws
a: Renounce Religion


You were on level 5 of the Dungeon.
You worshipped Vehumet.
Vehumet was noncommittal.
You were very full.

You visited 2 branches of the dungeon, and saw 6 of its levels.

You collected 238 gold pieces.

Inventory:

Wands
 i - a wand of slowing (3/48)
Scrolls
 d - 3 scrolls of remove curse
Potions
 e - a potion of flight
 g - 2 potions of brilliance
 h - a potion of agility
 k - a potion of might {unknown}
 l - a potion of curing {unknown}
Books
 a - a book of Conjurations

   Spells                             Type                      Level
   a - Magic Dart                     Conjuration                  1
   b - Searing Ray                    Conjuration                  2
   c - Dazzling Spray                 Conjuration/Hexes            3
   d - Fulminant Prism                Conjuration/Hexes            4
   e - Iskenderun's Mystic Blast      Conjuration                  4
   f - Iskenderun's Battlesphere      Conjuration/Charms           5
Comestibles
 b - 2 meat rations


   Skills:
 - Level 6.0 Dodging
 - Level 2.6 Stealth
 - Level 3.0 Spellcasting
 * Level 6.2 Conjurations


You had 3 spell levels left.
You knew the following spells:

 Your Spells              Type           Power        Failure   Level  Hunger
a - Magic Dart            Conj           ####         1%          1    None
b - Dazzling Spray        Conj/Hex       ##....       14%         3    ###....
c - Iskenderun's Mystic   Conj           ####....     12%         4    ####...


Dungeon Overview and Level Annotations

Branches:
Dungeon (5/15)             Temple (1/1) D:4

Altars:
Cheibriados
Dithmenos
Elyvilon
Gozag
Hepliaklqana
Kikubaaqudgha
Okawaru
Ru
Sif Muna
Uskayaw
Vehumet
Xom
Yredelemnul
The Shining One

Shops:
D:4 (


Innate Abilities, Weirdness & Mutations

You cannot wear armour.
You are incapable of wielding weapons or throwing items.
Your paws allow you to move quietly. (Stealth)
You have sharp claws.
You have razor-sharp teeth.
You have supernaturally acute eyesight. (SInv)
You are carnivorous and can eat meat at any time.
You cover ground quickly.
You are covered in thick fur. (AC +2)
You have a slow metabolism.
Your sharp claws are effective at attacking unaware monsters.


Message History

The orc wizard seems to slow down.
Evoking this partially-identified wand wasted a few charges.
The orc wizard casts a spell.
The orc wizard flickers and vanishes for a moment.
The orc priest miscasts a cantrip.
The orc wizard miscasts a cantrip.
The orc wizard points at you and mumbles some strange words.
The magic dart hits you!
Casting: Magic Dart
Confirm with . or Enter, or press ? or * to list all spells.
Aiming: Magic Dart
Press: ? - help, Shift-Dir - straight line, f - orc wizard, p - orc priest
Aim: an orc wizard, wielding a dagger and wearing a robe (severely wounded, slow, slightly transparent)
The magic dart hits the orc wizard.
You kill the orc wizard!
Vehumet accepts your kill.
The orc priest invokes the aid of Beogh against you.
Beogh smites you!
Ouch! That really hurt!
You die...

,,..#..........................,,
,,..#...........)............#***
,,...............######.....## *
,,...........)....# *#...## **
,,................## *#### **,
,,..........<......# **,,
,,....#...........<# *,,,
,,...###....(......# **,, ,,..#*
##.......@### *,, ,,.#*
###...o.## *,, ,,** #####..# **,
,** ##.#*** *, ** #..#,*** ** *
##...,,* * *,....,** *,......**
*,......,*


You could see an orc priest.

Vanquished Creatures
  A scorpion (D:4)
  A killer bee (D:5)
  2 orc priests
  2 bullfrog skeletons (D:4)
  3 worker ants (D:4)
  3 orc wizards
  Robin (D:3)
  2 gnolls (D:4)
  5 adders
  An ooze (D:4)
  A dart slug (D:1)
  2 leopard geckos
  6 orcs
  3 giant cockroaches (D:1)
  13 goblins
  7 hobgoblins
  8 kobolds
  A quokka (D:2)
  4 ball pythons (D:2)
  A bat (D:2)
  5 frilled lizards
  6 rats
  2 fungi (D:3)
80 creatures vanquished.

Notes
Turn   | Place    | Note
-------+----------+-------------------------------------------
     0 | D:1      | Melicamp the Felid Conjurer began the quest for the Orb.
     0 | D:1      | Reached XP level 1. HP: 7/7 MP: 4/4
   682 | D:1      | Reached XP level 2. HP: 11/11 MP: 0/6
  1873 | D:2      | Reached XP level 3. HP: 14/14 MP: 1/7
  2387 | D:2      | Found a shimmering altar of Xom.
  2389 | D:2      | Found a white marble altar of Elyvilon.
  2389 | D:2      | Found a shimmering altar of Xom.
  2391 | D:2      | Found a stormy altar of Qazlal.
  2391 | D:2      | Found a basalt altar of Yredelemnul.
  2391 | D:2      | Found a sparkling altar of Nemelex Xobeh.
  2645 | D:3      | Reached skill level 5 in Conjurations
  2713 | D:3      | Learned a level 3 spell: Dazzling Spray
  2983 | D:3      | Found a sacrificial altar of Ru.
  3040 | D:3      | Became a worshipper of Ru the Awakened
  3268 | D:3      | Reached XP level 4. HP: 18/18 MP: 4/8
  3271 | D:3      | Noticed Robin
  3337 | D:3      | Killed Robin
  3993 | D:3      | Learned a level 4 spell: Iskenderun's Mystic Blast
  3998 | D:4      | Found a staircase to the Ecumenical Temple.
  4191 | Temple   | Entered the Ecumenical Temple
  4374 | Temple   | Upgraded the game from 0.19.0-17-g07987d3 to 0.19.0-18-g426998a
  4744 | Temple   | Fell from the grace of Ru
  4744 | Temple   | Became a worshipper of Vehumet
  4946 | D:4      | Reached XP level 5. HP: 21/21 MP: 8/10
  5222 | D:4      | Killed from afar by an orc priest
  5223 | D:4      | Reached XP level 4. HP: -1/18 MP: 1/9
  5228 | D:4      | Reached skill level 5 in Dodging
  5228 | D:4      | Reached XP level 5. HP: 8/21 MP: 7/10
  5765 | D:4      | Found a snail-covered altar of Cheibriados.
  6029 | D:4      | Found an ancient bone altar of Kikubaaqudgha.
  6098 | D:4      | Found Daeshurch's Weapon Boutique.
  6534 | D:5      | Entered Level 5 of the Dungeon
  6544 | D:5      | Gained mutation: You are covered in thick fur. (AC +2) [Felid growth]
  6544 | D:5      | Reached XP level 6. HP: 5/24 MP: 4/11
  6907 | D:5      | Killed from afar by an orc priest

Skill      XL: |  1  2  3  4  5  6 |
---------------+-------------------+-----
Conjurations   | 4 5 6 |  6.2
Spellcasting   | 3 |  3.0
Dodging        | 5 6 |  6.0
Stealth        | |  2.6

Action                   |  1- 3 |  4- 6 || total
-------------------------+-------+-------++-------
Melee: Unarmed           |    67 |    48 ||   115
       Bite              |    11 |     6 ||    17
 Cast: Magic Dart        |    80 |   130 ||   210
       Dazzling Spray    |       |     1 ||     1
       Iskenderun's Myst |       |     2 ||     2
Evoke: Wand              |       |     1 ||     1
  Use: Scroll            |     7 |     8 ||    15
       Potion            |       |     5 ||     5
  Eat: Chunk             |     5 |    10 ||    15
       Meat ration       |     1 |       ||     1
       Royal jelly       |     1 |       ||     1
Armor: Skin              |       |     1 ||     1
Dodge: Dodged            |    27 |    71 ||    98
